 Dungeon Crawl Stone Soup version 0.30-a0-4-ga7cffc901d (webtiles) character file.

Game seed: 12444161696488139483

346 Setbun the Slicer (level 6, 0/35 HPs)
             Began as a Kobold Brigand on Aug 21, 2022.
             Slain by Sigmund
             ... wielding a +2 vorpal scythe
              (1 damage)
             ... on level 4 of the Dungeon.
             The game lasted 00:02:58 (3645 turns).

Setbun the Slicer (Kobold Brigand)                  Turns: 3645, Time: 00:02:58

Health: 0/35       AC:  3    Str:  7    XL:     6   Next: 90%
Magic:  6/6        EV: 14    Int: 11    God:
Gold:   176        SH:  0    Dex: 23    Spells: 5/5 levels left

rFire   . . .      SeeInvis .    o - +2 short sword (elec)
rCold   . . .      Faith    .    (no shield)
rNeg    . . .      Spirit   .    b - +0 robe
rPois   .          Reflect  .    (no helmet)
rElec   .          Harm     .    c - +0 cloak
rCorr   .          Rampage  .    (no gloves)
Will    .....                    (no boots)
Stlth   ++++......               (no amulet)
HPRegen 0.11/turn                (no ring)
MPRegen 0.10/turn                (no ring)

@: no status effects
A: small, no large weapons, nightstalker 3, agile 1, deterioration 1
a: no special abilities


You were on level 4 of the Dungeon.
You visited 1 branch of the dungeon, and saw 4 of its levels.

You collected 176 gold pieces.

Inventory:

Hand Weapons
 a - a +2 dagger
 o - a +2 short sword of electrocution (weapon)
Missiles
 d - 20 poisoned darts (quivered)
 e - 3 curare-tipped darts
 w - a throwing net
Armour
 b - a +0 robe (worn)
 c - a +0 cloak (worn)
Wands
 v - a wand of paralysis (12)
Scrolls
 f - 2 scrolls of enchant weapon {unknown}
 j - a scroll of brand weapon {unknown}
 l - 6 scrolls of identify {unknown}
 p - a scroll of fear {unknown}
 r - 4 scrolls of teleportation {unknown}
 s - a scroll of poison {unknown}
 u - a scroll of blinking {unknown}
 x - a scroll of enchant armour {unknown}
 y - a scroll of immolation {unknown}
 A - a scroll of amnesia {unknown}
Potions
 m - a potion of mutation
 n - a potion of haste
 t - 2 potions of curing {unknown}
 z - a potion of flight {unknown}
 B - a potion of heal wounds {unknown}


   Skills:
 - Level 2.1 Fighting
 + Level 9.0 Short Blades
 - Level 2.1 Throwing
 - Level 1.2 Dodging
 - Level 5.3 Stealth


You had 5 spell levels left.
You didn't know any spells.
Your spell library contained the following spells:

 Spells                   Type           Power      Damage    Failure   Level
 Conjure Flame            Conj/Fire      0%         6-21      71%         3
 Ignite Poison            Fire/Tmut/Pois 0%         N/A       71%         3
 Sticky Flame             Conj/Fire      0%         2d3       98%         4


Dungeon Overview and Level Annotations

Branches:
Dungeon (4/15)
 Temple: D:4-7

Altars:
Qazlal
Yredelemnul

Shops:
D:2 !

Annotations:
D:4 Sigmund


Innate Abilities, Weirdness & Mutations

You are small and have problems with some larger weapons.
You are completely attuned to the shadows.
You are agile. (Dex +4, Str/Int -1)
Your body sometimes deteriorates upon taking damage.


Message History

No target in view!
No target in view!
No target in view!
You see here a +1 vampiric whip.
There is an open door here.
Found a club.
A kobold comes into view. It is wielding a +0 dagger.
You see here a +0 club.
Found a robe.
The helpless kobold fails to defend itself.
You perforate the kobold like a sieve!!!
You kill the kobold!
No target in view!
No target in view!
Found a chain mail.
Sigmund the Dreaded comes into view.
He is wielding a +2 vorpal scythe and carrying a wand of quicksilver (8).
Sigmund shouts!
Sigmund casts a spell at you. The magic dart hits you!
Sigmund zaps a wand.
The bolt of dispelling energy hits you! Sigmund casts a spell at you.
The magic dart hits you.
You are too injured to fight recklessly!
You are too injured to fight recklessly!
You are too injured to fight recklessly!
You are too injured to fight recklessly!
You are too injured to fight recklessly!
You are too injured to fight recklessly!
You are too injured to fight recklessly!
You hit Sigmund but do no damage. Lightning courses through Sigmund!
Sigmund is heavily wounded.
Sigmund says, "Now you see me, now you don't..."
Sigmund points at you and mumbles some strange words.
The magic dart hits you.
* * * LOW HITPOINT WARNING * * *
You hit Sigmund but do no damage.
Sigmund is heavily wounded.
Sigmund hits you with a +2 vorpal scythe!
* * * LOW HITPOINT WARNING * * *
You die...

##.....#
##.[...#
.......#
.......#
##.....#
##.....##
.........
.......!.
....@....
####@..##
#...#
#....#
+....#
##...####
.........
.........


You could see Sigmund.

Vanquished Creatures
  A black bear (D:4)
  An ogre (D:4)
  An orc priest (D:3)
  A hound (D:4)
  2 adders
  A worm (D:2)
  A dart slug (D:4)
  6 orcs
  6 ball pythons
  9 bats
  8 endoplasms
  5 giant cockroaches
  3 hobgoblins
  12 kobolds
  5 quokkas
  3 frilled lizards
  3 goblins
  4 rats (D:1)
72 creatures vanquished.

Vanquished Creatures (others)
  2 fungi (D:1)
  2 plants (D:1)
4 creatures vanquished.

Grand Total: 76 creatures vanquished

Notes
Turn   | Place    | Note
-------+----------+-------------------------------------------
     0 | D:1      | Setbun the Kobold Brigand began the quest for the Orb.
     0 | D:1      | Reached XP level 1. HP: 12/12 MP: 1/1
    38 | D:1      | Reached skill level 3 in Short Blades
   119 | D:1      | Reached XP level 2. HP: 17/17 MP: 2/2
   173 | D:1      | Found a faded altar of an unknown god.
   341 | D:1      | Reached skill level 4 in Short Blades
   585 | D:1      | Reached XP level 3. HP: 21/21 MP: 3/3
  1441 | D:2      | Found Ewiawk's Distillery.
  1467 | D:2      | Found a stormy altar of Qazlal.
  1476 | D:2      | Reached skill level 5 in Short Blades
  1764 | D:2      | Reached XP level 4. HP: 25/26 MP: 4/4
  2939 | D:3      | Reached skill level 6 in Short Blades
  2939 | D:3      | Reached XP level 5. HP: 30/30 MP: 5/5
  3287 | D:3      | Identified the +5 dagger of Gang {vorpal, rC+++ rCorr Str-5
                  | Stlth+}
  3371 | D:4      | Noticed a black bear
  3379 | D:4      | Gained mutation: You are agile. (Dex +4, Str/Int -1)
                  | [potion of mutation]
  3379 | D:4      | Gained mutation: Your body sometimes deteriorates upon
                  | taking damage. [potion of mutation]
  3384 | D:4      | Killed a black bear
  3385 | D:4      | Reached skill level 7 in Short Blades
  3385 | D:4      | Reached XP level 6. HP: 35/35 MP: 6/6
  3418 | D:4      | Noticed an ogre
  3421 | D:4      | Killed an ogre
  3422 | D:4      | Reached skill level 8 in Short Blades
  3456 | D:4      | Found a basalt altar of Yredelemnul.
  3529 | D:4      | Reached skill level 9 in Short Blades
  3640 | D:4      | Noticed Sigmund
  3645 | D:4      | HP: 1/35 [Sigmund/+2 vorpal scythe (8)]
  3645 | D:4      | Slain by Sigmund

Illustrated notes

Levels and vault maps discovered:
D:1:      erik_arrival_orb_chamber, layout_loops_corners,
          shapermc_ecumenical_altar_mp_urbaneastern, nrook_loot_triangle,
          lexackson_kobold_supper
D:2:      layout_basic, basic_altar, serial_shops, nicolae_diamond_shop,
          grunt_decor_cap
D:3:      layout_basic
D:4:      minmay_diamond_boxcup, layout_gridville, overflow_temple_1_default,
          minmay_temple_entry_mini_moons, minmay_goblin_kobold_house, uniq_ijyb,
          uniq_sigmund

Skill      XL: |  1  2  3  4  5  6 |
---------------+-------------------+-----
Short Blades   | 3 4 5 6 7 9 |  9.0
Fighting       | |  2.1
Throwing       | |  2.1
Dodging        | |  1.2
Stealth        | |  5.3

Action                   |  1- 3 |  4- 6 || total
-------------------------+-------+-------++-------
Melee: Dagger            |    83 |       ||    83
       Short sword       |    23 |    51 ||    74
       Punch             |     1 |       ||     1
  Use: Potion            |       |     7 ||     7
 Stab: Sleeping          |    24 |    21 ||    45
Armor: Robe              |     8 |     8 ||    16
Dodge: Dodged            |    36 |    20 ||    56

Table legend: (Time is in decaauts)
 A = Elapsed time spent in this place.
 B = Non-inter-level travel time spent in this place.
 C = Inter-level travel time spent in this place.
 D = Time resting spent in this place.
 E = Time spent auto-exploring this place.
 F = Levels seen in this place.
 G = Mean time per level.
                   A        B        C        D        E       F      G
               +--------+--------+--------+--------+--------+-----+--------+
         Total |   3606 |   3532 |     74 |     24 |   3073 |   4 |  901.5 |
       Dungeon |   3606 |   3532 |     74 |     24 |   3073 |   4 |  901.5 |
               +--------+--------+--------+--------+--------+-----+--------+

Top non-repeatable levels by time:
     D:1: 1228 daAuts
     D:2: 1074 daAuts
     D:3: 1034 daAuts
     D:4: 269 daAuts
